 Dungeon Crawl Stone Soup version 0.31-a0-799-g6bc09d010c (webtiles) character file.

Game seed: 9505521194706554078

106 Bravepunisher the Ducker (level 4, 0/24 HPs)
             Began as a Spriggan Monk on Sept 19, 2023.
             Was a Believer of Makhleb.
             Killed from afar by an electric eel (3 damage)
             ... with a bolt of electricity
             ... on level 3 of the Dungeon.
             The game lasted 00:07:39 (2664 turns).

Bravepunisher the Ducker (Spriggan Monk)            Turns: 2664, Time: 00:07:40

Health: 0/24       AC:  5    Str:  7    XL:     4   Next: 55%
Magic:  7/7        EV: 20    Int: 11    God:    Makhleb [**....]
Gold:   86         SH:  0    Dex: 19    Spells: 3/3 levels left

rFire   . . .        a - +0 short sword (flame)
rCold   . . .        (no shield)
rNeg    . . .        b - +0 robe
rPois   .            (helmet restricted)
rElec   +            p - +2 cloak "Atolugonn" {Harm rElec Will+}
rCorr   .            (gloves unavailable)
SInv    +            (boots unavailable)
Will    +....        (no amulet)
Stlth   +            (no ring)
HPRegen 0.24/turn    (no ring)
MPRegen 0.10/turn

%: harm (+30% outgoing, +20% incoming)
@: hasted, very quick
A: very small, no large weapons, unfitting armour, see invisible, speed 3
a: Renounce Religion, Minor Destruction


You were on level 3 of the Dungeon.
You worshipped Makhleb.
Makhleb was pleased with you.
You visited 2 branches of the dungeon, and saw 5 of its levels.

You collected 86 gold pieces.

Inventory:

Hand Weapons
 a - a +0 short sword of flaming (weapon)
Armour
 b - a +0 robe (worn)
 d - an orb of light
 p - the +2 cloak "Atolugonn" (worn) {Harm rElec Will+}
   (You found it on level 2 of the Dungeon)

   rElec:     It insulates you from electricity.
   Will+:     It increases your willpower.
   Harm:      It increases damage dealt and taken.
Jewellery
 n - a +6 ring of intelligence
Wands
 r - a wand of flame (1)
Scrolls
 m - a scroll of poison
Potions
 c - a potion of ambrosia
 g - a potion of lignification
 h - a potion of berserk rage
 i - 2 potions of curing
 q - a potion of degeneration


   Skills:
 + Level 3.1 Fighting
 - Level 3.2 Short Blades
 + Level 5.0 Dodging
 * Level 2.7 Invocations


You had 3 spell levels left.
You didn't know any spells.
Your spell library contained the following spells:

 Spells                   Type           Power      Damage    Failure   Level
 Sublimation of Blood     Necr           0%         N/A       47%         2
 Wereblood                Tmut           0%         N/A       47%         2
 Summon Hydra             Summ           0%         N/A       100%        7


Dungeon Overview and Level Annotations

Branches:
Dungeon (4/15)             Temple (1/1) D:4

Altars:
Ashenzari
Cheibriados
Elyvilon
Fedhas
Gozag
Hepliaklqana
Kikubaaqudgha
Makhleb
Okawaru
Qazlal
Trog
Vehumet
Wu Jian
Xom
Yredelemnul
Zin
The Shining One

Annotations:
D:3 1 transporter
Temple 2 transporters


Innate Abilities, Weirdness & Mutations

You are very small and have problems with some larger weapons.
You are too small for most types of armour.
You have supernaturally acute eyesight. (SInv)
You cover ground extremely quickly. (Speed+++)


Message History

Your +0 short sword is engulfed in flames!
a - a +0 short sword of flaming (weapon)
Unknown command.
You start waiting.
Done waiting.
Okay, then.
You feel yourself speed up.
You open the door.
There is an open door here.
The electric eel shoots out a bolt of lightning at you!
The bolt of electricity misses you. The bolt of electricity hits you.
You resist.
The electric eel shoots out a bolt of lightning at you!
The bolt of electricity hits you. You resist.
You enter the shallow water.
Moving in this stuff is going to be slow.
The electric eel shoots out a bolt of lightning at you!
The bolt of electricity hits you. You resist.
The bolt of electricity hits the plant!
The plant begins to die.
The electric eel shoots out a bolt of lightning at you!
The bolt of electricity hits you. You resist.
The bolt of electricity misses you.
The electric eel shoots out a bolt of lightning at you!
The bolt of electricity hits you. You resist.
The electric eel shoots out a bolt of lightning at you!
The bolt of electricity misses the electric eel.
The bolt of electricity hits you. You resist.
* * * LOW HITPOINT WARNING * * *
The electric eel shoots out a bolt of lightning at you!
The bolt of electricity hits you. You resist.
* * * LOW HITPOINT WARNING * * *
A nearby plant withers and dies.
The electric eel shoots out a bolt of lightning at you!
The bolt of electricity hits the electric eel.
The electric eel completely resists.
The bolt of electricity hits you. You resist.
* * * LOW HITPOINT WARNING * * *
The electric eel shoots out a bolt of lightning at you!
The bolt of electricity hits you. You resist.
You die...

#.#..................)########...
..'...................)..........
.##.........###........#######...
####.......#....©......# ##.# #
##.....##.#######..## ### #
##...###.#8.©.8#.## # ##'##
#.#P.[.P#.# # #.# #.###+###.#
#######.# #.#~~@~~#.# .....##.##
#.#~~~~~#.#
####.#...###.#~~~~~#.#
####......##.#SS♣~~#.#
..##.#...###.#~~~~~#.# #.##.##.##
#.#S...~#.#
#.##.##.####.#~...~#.#
...).........###'###.#
#######.####.#P...P#.#


You could see 3 electric eels.

Vanquished Creatures
  Crazy Yiuf (D:3)
  An iguana (D:3)
  An adder (D:2)
  2 dart slugs
  4 orcs (D:3)
  2 bats (D:1)
  3 endoplasms (D:2)
  A goblin (D:2)
  3 hobgoblins (D:2)
  6 kobolds
  3 quokkas
  4 ball pythons
  2 frilled lizards
  2 rats (D:2)
35 creatures vanquished.

Notes
Turn   | Place    | Note
-------+----------+-------------------------------------------
     0 | D:1      | Bravepunisher the Spriggan Monk began the quest for the
                  | Orb.
     0 | D:1      | Reached XP level 1. HP: 11/11 MP: 2/2
   101 | D:3      | Found a runed translucent door.
   102 | D:3      | Noticed Crazy Yiuf
   133 | D:3      | Noticed an iguana
   183 | D:3      | Found a transporter.
   194 | D:3      | Noticed an electric eel
   194 | D:3      | Noticed an electric eel
   196 | D:3      | Noticed an electric eel
   367 | D:4      | Found a staircase to the Ecumenical Temple.
   374 | Temple   | Found a transporter.
   374 | Temple   | Found a transporter.
   374 | Temple   | Found a transporter.
   374 | Temple   | Found a transporter.
   374 | Temple   | Entered the Ecumenical Temple
   387 | Temple   | Became a worshipper of Makhleb the Destroyer
   387 | Temple   | Reached * piety under Makhleb
   387 | Temple   | Reached ** piety under Makhleb
   512 | D:3      | Killed an iguana
   513 | D:3      | Reached skill level 1 in Invocations
   513 | D:3      | Reached XP level 2. HP: 14/16 MP: 2/4
   513 | D:3      | Reached XP level 3. HP: 16/19 MP: 2/5
   843 | D:2      | Identified the +2 cloak "Atolugonn" {Harm rElec Will+}
  1941 | D:3      | Found a faded altar of an unknown god.
  1978 | D:3      | Found a transporter.
  1982 | D:3      | Reached XP level 4. HP: 22/24 MP: 6/6
  2357 | D:3      | Killed Crazy Yiuf
  2358 | D:3      | Reached skill level 5 in Dodging
  2664 | D:3      | Killed from afar by an electric eel

Illustrated notes

Levels and vault maps discovered:
D:1:      mrwooster_arrival_statue, layout_loops_ring
D:2:      layout_loops_ring
D:3:      gammafunk_steamed_eel, layout_loops_corners,
          hellmonk_ecumenical_altar_run_dry, uniq_crazy_yiuf_cottage
D:4:      layout_loops_ring, minmay_temple_entry_drinking_statues, uniq_grinder,
          uniq_edmund
Temple:   hellmonk_temple_divided_pantheon

Skill      XL: |  1  2  3  4 |
---------------+-------------+-----
Invocations    | 1 2 |  2.7
Fighting       | 3 |  3.1
Dodging        | 5 |  5.0
Short Blades   | |  3.2

Action                     |  1- 3 |  4- 6 || total
---------------------------+-------+-------++-------
  Melee: Short sword       |    44 |       ||    44
         Punch             |     1 |       ||     1
 Invoke: Minor Destruction |    52 |    18 ||    70
    Use: Scroll            |       |    10 ||    10
         Potion            |       |     1 ||     1
 Armour: Robe              |     1 |    16 ||    17
  Dodge: Dodged            |    42 |     3 ||    45

Table legend: (Time is in decaauts)
 A = Elapsed time spent in this place.
 B = Non-inter-level travel time spent in this place.
 C = Inter-level travel time spent in this place.
 D = Time resting spent in this place.
 E = Time spent auto-exploring this place.
 F = Levels seen in this place.
 G = Mean time per level.
                   A        B        C        D        E       F      G
               +--------+--------+--------+--------+--------+-----+--------+
         Total |   1806 |   1683 |    123 |    191 |   1140 |   5 |  361.2 |
       Dungeon |   1788 |   1672 |    116 |    191 |   1140 |   4 |  447.0 |
        Temple |     18 |     12 |      6 |      0 |      0 |   1 |   18.0 |
               +--------+--------+--------+--------+--------+-----+--------+

Top non-repeatable levels by time:
     D:3: 933 daAuts
     D:2: 431 daAuts
     D:1: 414 daAuts
  Temple: 18 daAuts
     D:4: 10 daAuts
